 Dungeon Crawl Stone Soup version 0.28.0-53-g5a82cb258f (webtiles) character file.

Game seed: 10663221553456569454

60 jjjjhere the Digger (level 3, 0/24 HPs)
             Began as a Vampire Earth Elementalist on Aug 15, 2022.
             Succumbed to an adder's poison
             ... on level 2 of the Dungeon.
             The game lasted 00:03:42 (1276 turns).

jjjjhere the Digger (Vampire Earth Elementalist)    Turns: 1276, Time: 00:03:43

Health: 0/24       AC:  2    Str:  7    XL:     3   Next: 82%
Magic:  1/6        EV: 12    Int: 19    God:
Gold:   62         SH:  0    Dex: 14    Spells: 3/7 levels left

rFire   . . .      SeeInvis +   c - +1 dagger
rCold   . . .      Faith    .   (no shield)
rNeg    . . .      Spirit   .   b - +0 robe
rPois   .          Reflect  .   (no helmet)
rElec   .          Harm     .   (no cloak)
rCorr   .          Rampage  .   (no gloves)
Will    .....                   (no boots)
Stlth   ++........              (no amulet)
HPRegen 0.28/turn               (no ring)
MPRegen 0.10/turn               (no ring)

@: lethally poisoned (0 -> -2), healing quickly
A: alive, fangs 3, see invisible, vampiric 2
a: Exsanguinate


You were on level 2 of the Dungeon.
You visited 1 branch of the dungeon, and saw 2 of its levels.

You collected 62 gold pieces.

Inventory:

Hand Weapons
 c - a +1 dagger (weapon)
Armour
 b - a +0 robe (worn)
Jewellery
 a - the amulet of Ejil Wei {RegenMP rF+ rC+}
   (You acquired it on level 2 of the Dungeon)

   [amulet of magic regeneration]

   It increases your rate of magic regeneration.
   rF:        It protects you from fire.
   rC:        It protects you from cold.
Scrolls
 e - a scroll of teleportation {unknown}
 f - a scroll of amnesia {unknown}
 g - a scroll of identify {unknown}


   Skills:
 - Level 2.1 Dodging
 + Level 3.3 Stealth
 + Level 2.5 Spellcasting
 - Level 1.1 Transmutations
 * Level 4.3 Earth Magic


You had 3 spell levels left.
You knew the following spells:

 Your Spells              Type           Power      Damage    Failure   Level
a - Sandblast             Erth           36%        2d10      2%          1
b - Stone Arrow           Conj/Erth      20%        3d8       21%         3

Your spell library contained the following spells:

 Spells                   Type           Power      Damage    Failure   Level
 Passwall                 Tmut/Erth      10%        N/A       8%          2
 Petrify                  Tmut/Erth      12%        N/A       45%         4


Dungeon Overview and Level Annotations

Branches:
Dungeon (2/15)

Altars:


Innate Abilities, Weirdness & Mutations

Your natural rate of healing is accelerated.
You have razor-sharp teeth.
You have supernaturally acute eyesight. (SInv)
You are afflicted with vampirism and can become a bat while bloodless.


Message History

Aiming: Stone Arrow (extremely dangerous; 21% risk of failure)
Press: ? - help, Shift-Dir - straight line, f/p - worm
Aim: a worm (severely wounded, 89% to hit)
The stone arrow misses the worm.
You hear an angry hiss.
You hit the worm but do no damage. You bite the worm.
The worm is almost dead.
You hit the worm.
The worm is almost dead.
The worm bites you.
You barely miss the worm.
The worm is almost dead.
The adder bites you. x2
The adder bites you.
You are poisoned.
The adder poisons you!
You feel sick.
Okay, then.
You aren't carrying any items that you can evoke.
You aren't carrying any potions.
This is a scroll of acquirement!
Something appears at your feet!
You feel sick. The adder bites you.
* * * LOW HITPOINT WARNING * * *
You are lethally poisoned!
The adder poisons you!
a - the amulet of Ejil Wei {RegenMP rF+ rC+}
* * * LOW HITPOINT WARNING * * *
You feel sick. The adder barely misses you. The adder bites you.
* * * LOW HITPOINT WARNING * * *
You aren't carrying any potions.
* * * LOW HITPOINT WARNING * * *
You feel sick.
Okay, then.
* * * LOW HITPOINT WARNING * * *
You feel sick.
You aren't carrying any potions.
As you read the scroll labelled NUTO GIESHEAFO, it crumbles to dust.
It is a scroll of enchant weapon.
Your +0 dagger glows red for a moment.
You die...

.. .....##.##....†.# #..#..#
#..##.##......# #..#..#
#................. #..#. .##
#..##.##......#### #...# #.#
#..##.##......# #...#
#.######.<...........#
#...###.#........<†###...###
#..............>........##
#>##......####@.#########
#............S..#
###........w##.##
#..##...#.##.#
#..##...#.....
#..##........##
#..##.#.###### #..##.#.#
#..##.#.#


You could see a worm and an adder.

Vanquished Creatures
  An adder (D:2)
  A worm (D:1)
  A dart slug (D:1)
  2 bats (D:1)
  5 endoplasms
  3 giant cockroaches (D:1)
  A goblin (D:1)
  5 hobgoblins (D:1)
  3 kobolds (D:1)
  8 quokkas
  5 ball pythons (D:1)
  3 frilled lizards
  3 rats
41 creatures vanquished.

Notes
Turn   | Place    | Note
-------+----------+-------------------------------------------
     0 | D:1      | jjjjhere the Vampire Earth Elementalist began the quest for
                  | the Orb.
     0 | D:1      | Reached XP level 1. HP: 13/13 MP: 3/3
   204 | D:1      | Reached XP level 2. HP: 19/19 MP: 3/5
   500 | D:1      | Reached skill level 4 in Earth Magic
   500 | D:1      | Gained mutation: You are afflicted with vampirism and can
                  | become a bat while bloodless. [Vampire growth]
   500 | D:1      | Reached XP level 3. HP: 24/24 MP: 1/6
   548 | D:1      | Learned a level 3 spell: Stone Arrow
   861 | D:1      | HP: 6/24 [worm (9)]
  1272 | D:2      | Identified a scroll of acquirement
  1272 | D:2      | Acquired the amulet of Ejil Wei {RegenMP rF+ rC+}
  1272 | D:2      | HP: 7/24 [adder (3)]
  1274 | D:2      | HP: 3/24 [poisoned by an adder]
  1275 | D:2      | HP: 1/24 [poisoned by an adder]
  1276 | D:2      | Succumbed to an adder's poison

Illustrated notes

Levels and vault maps discovered:
D:1:      doesnt_arrival_eight_statues, layout_rooms
D:2:      layout_loops_ring

Skill      XL: |  1  2 |
---------------+-------+-----
Earth Magic    | 4 |  4.3
Dodging        | |  2.1
Stealth        | |  3.3
Spellcasting   | |  2.5
Transmutations | |  1.1

Action                   || total
-------------------------++-------
Melee: Unarmed           ||    57
       Dagger            ||    65
       Bite              ||    10
 Cast: Sandblast         ||    35
       Stone Arrow       ||     8
  Use: Scroll            ||     2
       Potion            ||     1
 Stab: Sleeping          ||     2
Armor: Robe              ||    24
Dodge: Dodged            ||   104
